 Dungeon Crawl Stone Soup version 0.30-a0-422-g946f4849ff (webtiles) character file.

Game seed: 1063594236977316204

412 cforsyth the Chopper (level 6, -2/85 HPs)
             Began as a Hill Orc Monk on Dec 8, 2022.
             Was a Believer of Beogh.
             Slain by Prince Ribbit (13 damage)
             ... on level 5 of the Dungeon.
             The game lasted 00:10:16 (5237 turns).

cforsyth the Chopper (Hill Orc Monk)                Turns: 5237, Time: 00:10:17

Health: -2/85      AC: 23    Str: 13 (16) XL:     6   Next: 90%
Magic:  6/6        EV:  2    Int:  9 (10) God:    Beogh [**....]
Gold:   208        SH:  0    Dex: 11 (13) Spells: 5/5 levels left

rFire   . . .      SeeInvis .    a - +0 hand axe
rCold   . . .      Faith    .    (no shield)
rNeg    . . .      Spirit   .    (body armour currently unavailable)
rPois   +          Reflect  .    (helmet currently unavailable)
rElec   .          Harm     .    (cloak currently unavailable)
rCorr   .          Rampage  .    (gloves currently unavailable)
Will    .....      NoTele   +    (boots currently unavailable)
Stlth   ++........               (no amulet)
HPRegen 0.34/turn                x - ring of flight
MPRegen 0.10/turn                (no ring)

@: tree-form
A: stationary, stasis, torment immunity, boosted hp
a: Renounce Religion, Smiting


You were on level 5 of the Dungeon.
You worshipped Beogh.
Beogh was pleased with you.
You were a tree.
You visited 1 branch of the dungeon, and saw 5 of its levels.

You collected 208 gold pieces.

Inventory:

Hand Weapons
 a - a +0 hand axe (weapon)
Armour
 b - a +0 robe
 k - a +0 helmet (melded)
 n - a +0 chain mail
 o - a +2 leather armour of fire resistance (melded)
 v - a +0 cloak
 w - a +2 pair of boots (melded)
 y - a scarf of repulsion (melded)
Jewellery
 i - a ring of magical power
 x - a ring of flight (left branch)
 z - a ring of willpower
Wands
 m - a wand of iceblast (5)
 p - a wand of flame (10)
Scrolls
 d - 6 scrolls of identify {unknown}
 e - 2 scrolls of poison {unknown}
 f - 2 scrolls of fear {unknown}
 j - 5 scrolls of enchant weapon {unknown}
 u - a scroll of teleportation {unknown}
Potions
 c - 2 potions of ambrosia
 g - 2 potions of curing {unknown}
 h - a potion of degeneration
 l - a potion of lignification
 q - a potion of brilliance {unknown}
 r - a potion of might {unknown}
 s - a potion of flight


   Skills:
 + Level 6.2 Fighting
 + Level 6.9 Axes
 + Level 3.2 Armour
 - Level 2.4 Dodging
 - Level 1.5 Stealth


You had 5 spell levels left.
You didn't know any spells.
Your spell library contained the following spells:

 Spells                   Type           Power      Damage    Failure   Level
 Ensorcelled Hibernation  Hex/Ice        0%         N/A       52%         2
 Passwall                 Tmut/Erth      0%         N/A       52%         2
 Swiftness                Air            0%         N/A       77%         3


Dungeon Overview and Level Annotations

Branches:
Dungeon (5/15)             Temple (0/1) D:4

Altars:
Hepliaklqana
Trog
The Shining One

Annotations:
D:5 Blork the orc, Prince Ribbit


Message History

You are too injured to fight recklessly!
You are too injured to fight recklessly!
You are too injured to fight recklessly!
You are too injured to fight recklessly!
You are too injured to fight recklessly!
You hit Prince Ribbit.
Prince Ribbit is heavily wounded.
Prince Ribbit blinks!
Prince Ribbit hits you but does no damage.
Unknown command.
You miss Prince Ribbit.
Prince Ribbit is heavily wounded.
Prince Ribbit hits you!
* * * LOW HITPOINT WARNING * * *
Unknown command.
Unknown command.
It was a potion of flight.
You feel more buoyant. Prince Ribbit hits you.
* * * LOW HITPOINT WARNING * * *
It was a potion of degeneration.
There was something very wrong with that liquid.
You feel weakened.
You feel dopey.
You feel clumsy. Prince Ribbit hits you.
* * * LOW HITPOINT WARNING * * *
Prince Ribbit barely misses you.
It was a potion of lignification.
You turn into a tree.
Your scarf of repulsion melds into your body.
Your +0 helmet melds into your body.
Your +2 pair of boots melds into your body.
Your +2 leather armour of fire resistance melds into your body.
The haze of the repulsion field disappears.
You feel less resistant to fire.
Your roots penetrate the ground.
Prince Ribbit barely misses you.
Unknown command.
Unknown command.
You closely miss Prince Ribbit.
Prince Ribbit is heavily wounded.
Prince Ribbit hits you!
You die...

.## ..# ########## #.#
#.♣F...... #.# #.########
#.# #.# #.# #.# ##.## #.#
##...## ########.#
##.#.#.# .........#
#.##..#.
########.###########.##..#
#............#.#.##


You could see Prince Ribbit.

Vanquished Creatures
  Menkaure (D:5)
  3 hounds
  Natasha (thrice) (D:2)
  2 adders
  A gnoll (D:1)
  A shadow imp (D:5)
  A white imp (D:5)
  A worm (D:2)
  2 dart slugs
  An orc (D:5)
  4 bats
  7 endoplasms
  6 giant cockroaches
  8 goblins
  5 hobgoblins
  4 jackals (D:2)
  2 kobolds (D:1)
  A quokka (D:1)
  8 ball pythons
  6 frilled lizards
  8 rats
75 creatures vanquished.

Vanquished Creatures (others)
  An adder (D:4)
  3 fungi (D:2)
  A plant (D:2)
5 creatures vanquished.

Grand Total: 80 creatures vanquished

Notes
Turn   | Place    | Note
-------+----------+-------------------------------------------
     0 | D:1      | cforsyth the Hill Orc Monk began the quest for the Orb.
     0 | D:1      | Reached XP level 1. HP: 19/19 MP: 1/1
    68 | D:1      | Reached XP level 2. HP: 27/27 MP: 2/2
   399 | D:1      | Reached XP level 3. HP: 33/34 MP: 3/3
   568 | D:1      | Reached skill level 5 in Axes
  1506 | D:2      | Reached XP level 4. HP: 26/41 MP: 4/4
  1596 | D:2      | Found a faded altar of an unknown god.
  1904 | D:2      | Reached skill level 5 in Fighting
  2170 | D:2      | Noticed Natasha
  2184 | D:2      | Killed Natasha
  2568 | D:2      | Noticed Natasha
  2586 | D:2      | Killed Natasha
  2587 | D:2      | Reached skill level 1 in Armour
  2587 | D:2      | Reached XP level 5. HP: 24/48 MP: 5/5
  3224 | D:2      | Noticed Natasha
  3245 | D:2      | Killed Natasha
  3386 | D:3      | Found a hazy altar of Hepliaklqana.
  3826 | D:3      | Found a bloodstained altar of Trog.
  4098 | D:4      | Found a staircase to the Ecumenical Temple.
  4228 | D:4      | Found a glowing golden altar of the Shining One.
  4375 | D:4      | Became a worshipper of Beogh the Brigand
  4375 | D:4      | Reached * piety under Beogh
  4375 | D:4      | Reached ** piety under Beogh
  4818 | D:5      | Entered Level 5 of the Dungeon
  4860 | D:5      | Noticed Menkaure
  4866 | D:5      | Reached XP level 6. HP: 42/57 MP: 6/6
  4997 | D:5      | Killed Menkaure
  5093 | D:5      | Noticed Blork the orc
  5223 | D:5      | Noticed Prince Ribbit
  5237 | D:5      | Slain by Prince Ribbit

Illustrated notes

Levels and vault maps discovered:
D:1:      dpeg_arrival_prison, layout_loops_ring,
          amcnicky_mini_corridor_feature, minmay_misc_feat_tower
D:2:      layout_basic, dreamdust_ecumenical_altar_grove, uniq_natasha
D:3:      layout_loops_cross, marbit_many_paths, pf_just_have_faith,
          dk_noncrumbling_3
D:4:      layout_cave_pods, mainiacjoe_overflow_paths,
          minmay_temple_entry_slanted
D:5:      layout_loops_ring, nemelex_xobeh_ov_fountains_minmay, uniq_menkaure,
          uniq_prince_ribbit1, uniq_blork_the_orc, uniq_eustachio

Skill      XL: |  1  2  3  4  5  6 |
---------------+-------------------+-----
Fighting       | 4 5 6 |  6.2
Axes           | 5 6 |  6.9
Armour         | 1 2 3 |  3.2
Dodging        | |  2.4
Stealth        | |  1.5

Action                   |  1- 3 |  4- 6 || total
-------------------------+-------+-------++-------
Melee: Hand axe          |   135 |   180 ||   315
       Punch             |       |     2 ||     2
Invok: Convert to Beogh  |       |     1 ||     1
  Use: Potion            |       |     4 ||     4
 Stab: Sleeping          |     4 |     2 ||     6
Armor: Robe              |    24 |     2 ||    26
       Chain mail        |       |    10 ||    10
       Leather armour    |       |    49 ||    49
Dodge: Dodged            |    87 |   108 ||   195

Table legend: (Time is in decaauts)
 A = Elapsed time spent in this place.
 B = Non-inter-level travel time spent in this place.
 C = Inter-level travel time spent in this place.
 D = Time resting spent in this place.
 E = Time spent auto-exploring this place.
 F = Levels seen in this place.
 G = Mean time per level.
                   A        B        C        D        E       F      G
               +--------+--------+--------+--------+--------+-----+--------+
         Total |   5267 |   5117 |    150 |    105 |   3366 |   5 | 1053.4 |
       Dungeon |   5267 |   5117 |    150 |    105 |   3366 |   5 | 1053.4 |
               +--------+--------+--------+--------+--------+-----+--------+

Top non-repeatable levels by time:
     D:2: 2293 daAuts
     D:1: 1085 daAuts
     D:4: 946 daAuts
     D:3: 653 daAuts
     D:5: 289 daAuts
